Map: [G8] Royal Blood

Players

Reynor - Winner!

  • Race: Zerg Zerg
  • Spawn Location: 1:00

Clem

  • Race: Terran Terran
  • Spawn Location: 7:00

Event: Gamers8 2023

VOD

Have the link to the VOD?

Description

Time

  • Played on: Aug. 6, 2023, 11:48 a.m.
  • Length: 21:46

All games in this series

Show
View Real Time Build Order
Export as new Build Order

Reynor Zerg - Winner!

Build Orders: Hatch First 

Get SALT Encoding   

  12  0:00  Drone  
  13  0:12  Overlord  
  13  0:17  Drone  
  14  0:30  Drone x2  
  16  0:47  Hatchery  
  15  0:51  Drone  
  15  0:54  Drone  
  17  0:58  Drone  
  18  1:08  Extractor  
  17  1:14  Spawning Pool  
  17  1:16  Drone  
  17  1:20  Drone  
  18  1:27  Drone  
  19  1:38  Drone  
  20  1:48  Overlord  
  20  2:01  Queen x2, Zergling x4  
  26  2:11  Metabolic Boost, Drone x2  
  28  2:21  Drone x2  
  30  2:36  Hatchery  
  28  2:37  Drone  
  28  2:38  Drone  
  30  2:49  Queen  
  30  2:51  Overlord  
  32  2:52  Drone  
  32  2:54  Drone  
  34  3:01  Drone  
  34  3:04  Drone  
  36  3:09  Zergling x8  
  40  3:13  Queen  
  40  3:17  Overlord  
  40  3:19  Drone  
  42  3:27  Drone  
  42  3:31  Overlord  
  43  3:36  Queen  
  43  3:37  Drone  
  43  3:39  Drone  
  47  3:42  Overlord  
  47  3:43  Drone x2  
  49  3:49  Queen  
  49  3:50  Queen  
  49  3:53  Drone  
  49  3:55  Zergling x2  
  55  3:56  Zergling x2  
  55  4:00  Drone x2  
  58  4:03  Zergling x2  
  58  4:04  Drone  
  58  4:05  Drone  
  58  4:07  Drone  
  58  4:09  Drone  
  63  4:11  Drone  
  63  4:15  Overlord  
  64  4:20  Drone x2  
  64  4:22  Drone x2  
  68  4:25  Drone x2  
  68  4:31  Drone  
  69  4:33  Lair  
  69  4:35  Queen, Drone  
  69  4:38  Drone  
  71  4:40  Queen  
  71  4:42  Zergling x2  
  71  4:43  Spore Crawler  
  71  4:45  Spore Crawler  
  72  4:47  Spore Crawler  
  72  4:49  Zergling x4  
  73  4:52  Overlord  
  73  4:55  Drone  
  73  4:58  Drone  
  73  4:59  Extractor  
  74  5:04  Zergling x2  
  74  5:05  Overlord, Drone  
  74  5:06  Drone x2  
  78  5:08  Drone x3  
  78  5:09  Overlord  
  78  5:12  Drone x3  
  84  5:20  Drone x3  
  87  5:22  Spore Crawler  
  87  5:26  Roach Warren  
  85  5:29  Drone  
  85  5:30  Evolution Chamber, Drone  
  85  5:31  Evolution Chamber, Drone  
  86  5:40  Overlord  
  86  5:41  Drone x2  
  86  5:42  Drone x2  
  90  5:43  Extractor  
  90  5:44  Drone x3  
  90  5:46  Overlord  
  90  5:48  Drone  
  96  5:50  Overlord  
  96  5:51  Drone  
  96  5:52  Extractor, Drone  
  96  5:53  Overseer  
  96  5:54  Overlord  
  96  5:55  Drone  
  98  6:00  Extractor  
  98  6:01  Extractor, Queen  
  98  6:04  Overlord  
  98  6:08  Drone x2  
  100  6:13  Zerg Missile Weapons Level 1  
  98  6:20  Hatchery  
  98  6:21  Zerg Ground Armor Level 1, Drone  
  98  6:22  Drone  
  98  6:23  Overlord  
  98  6:24  Queen  
  101  6:33  Glial Reconstitution  
  101  6:34  Overlord  
  101  6:41  Spore Crawler  
  101  6:42  Roach  
  101  6:43  Roach x10  
  101  6:46  Roach  
  124  6:51  Drone  
  124  6:53  Drone x5  
  130  6:55  Infestation Pit, Drone  
  130  6:59  Drone  
  130  7:00  Drone  
  132  7:04  Drone  
  132  7:06  Drone x3  
  136  7:09  Overlord  
  136  7:10  Drone  
  137  7:17  Drone  
  137  7:20  Roach x2  
  137  7:22  Roach x2  
  146  7:23  Drone x2  
  146  7:25  Overlord  
  146  7:26  Baneling Nest  
  146  7:29  Roach  
  149  7:30  Roach  
  149  7:34  Infestor, Overlord  
  151  7:37  Drone x2  
  151  7:38  Drone x2  
  151  7:41  Overlord  
  151  7:43  Drone  
  149  7:47  Drone x2  
  149  7:48  Drone x2, Hive  
  149  7:49  Drone  
  153  7:56  Zergling x8  
  157  8:00  Extractor  
  157  8:01  Hatchery, Infestor x2, Spore Crawler  
  157  8:04  Zergling x8  
  158  8:06  Zergling x2  
  158  8:11  Drone x2  
  161  8:19  Overlord  
  161  8:21  Pneumatized Carapace  
  161  8:24  Zergling x18  
  161  8:25  Ravager x2  
  161  8:26  Centrifugal Hooks  
  172  8:29  Overlord  
  172  8:31  Zerg Ground Armor Level 2  
  172  8:32  Zerg Melee Weapons Level 1  
  172  8:36  Drone x3  
  172  8:38  Roach x4, Zergling x4  
  183  8:42  Drone x2  
  183  8:44  Roach x2  
  183  8:47  Overlord  
  189  8:49  Roach x2  
  189  8:54  Roach x2, Zergling x4  
  198  8:58  Drone  
  198  9:01  Ultralisk Cavern  
  198  9:03  Extractor, Drone x2  
  199  9:12  Adrenal Glands  
  199  9:13  Overlord  
  199  9:33  Hatchery  
  198  9:43  Hatchery  
  197  9:46  Hatchery  
  197  9:50  Chitinous Plating  
  196  9:56  Burrow  
  196  9:57  Viper  
  198  10:14  Zergling x2  
  198  10:17  Baneling x25  
  199  10:22  Spore Crawler  
  199  10:23  Spore Crawler  
  199  10:24  Spore Crawler  
  199  10:28  Zerg Melee Weapons Level 2  
  196  10:31  Zergling x8  
  197  10:44  Queen  
  197  10:46  Ultralisk  
  193  10:52  Ultralisk, Zergling x2  
  189  11:02  Hatchery  
  189  11:03  Zergling x24  
  199  11:08  Zerg Ground Armor Level 3  
  198  11:16  Zergling x4  
  200  11:28  Anabolic Synthesis  
  200  11:36  Zergling x6  
  191  11:40  Ultralisk, Zergling x8  
  191  11:44  Zergling x20  
  191  11:45  Infestor, Zergling x4  
  191  11:46  Infestor x2  
  196  11:47  Ultralisk, Zergling x10  
  196  11:48  Zergling x4  
  196  11:49  Zergling x6  
  196  11:51  Zergling x4  
  196  11:52  Zergling x4  
  199  11:57  Drone  
  200  12:08  Baneling x21  
  199  12:10  Overseer x3  
  199  12:15  Infestor x2  
  197  12:23  Hatchery  
  197  12:26  Zergling x2  
  197  12:27  Zergling x14  
  200  12:33  Zergling x4  
  197  12:52  Zergling x4  
  199  13:00  Baneling x14  
  199  13:01  Baneling x4  
  199  13:03  Zerg Melee Weapons Level 3  
  199  13:09  Hatchery  
  199  13:10  Hatchery  
  195  13:15  Zergling x12  
  197  13:20  Roach x3  
  197  13:24  Zergling x40  
  192  13:28  Zergling x18  
  192  13:32  Ultralisk x3, Zergling x6  
  188  13:35  Ultralisk x2  
  191  13:50  Ultralisk x2, Zergling x8  
  191  13:51  Zergling x12  
  183  13:56  Ultralisk  
  183  13:58  Drone  
  183  13:59  Drone x7  
  183  14:02  Extractor, Zergling x14  
  198  14:04  Baneling x12  
  198  14:05  Zergling x4  
  198  14:07  Infestor x2  
  199  14:21  Spire  
  191  14:25  Zergling x18  
  200  14:32  Spore Crawler  
  200  14:35  Drone  
  200  14:41  Baneling x8  
  200  14:42  Baneling x10  
  199  15:00  Hatchery, Spore Crawler, Drone x2  
  199  15:09  Baneling x10  
  196  15:22  Zergling x2  
  196  15:23  Hatchery, Zergling x4  
  198  15:34  Zergling x54  
  199  15:37  Zergling x2  
  199  15:40  Zerg Flyer Weapons Level 1  
  200  15:45  Neural Parasite  
  200  15:48  Infestor x2  
  193  16:05  Zergling x16  
  193  16:06  Zergling x10  
  193  16:09  Zergling x4  
  189  16:30  Zergling x34  
  188  16:35  Ultralisk, Zergling x24  
  185  16:41  Zergling x20  
  185  16:42  Zergling x8  
  190  16:49  Zergling x20  
  200  17:00  Baneling x20  
  200  17:01  Baneling x14  
  199  17:05  Zergling x4  
  198  17:15  Overseer  
  198  17:16  Zergling x2  
  198  17:17  Overseer, Zergling x6  
  198  17:19  Baneling x14  
  197  17:31  Zergling x10  
  196  17:43  Zergling x46  
  189  17:46  Zergling x16  
  189  17:48  Ultralisk x2, Zergling x2  
  189  17:49  Zergling x4  
  189  17:50  Zergling x12  
  188  17:54  Zergling x8  
  188  17:59  Infestor, Zergling x8  
  188  18:00  Zergling x2  
  188  18:04  Corruptor  
  197  18:05  Corruptor  
  197  18:10  Zergling x8  
  197  18:11  Corruptor x2  
  197  18:16  Zergling x14  
  197  18:19  Zergling x2  
  200  18:20  Zergling x2  
  200  18:25  Zergling x22  
  185  18:36  Infestor, Zergling x12  
  191  18:43  Zergling x18  
  191  18:44  Zergling x4  
  199  18:55  Infestor  
  199  18:57  Baneling x22  
  194  19:06  Zergling x22  
  194  19:18  Corruptor x2  
  195  19:34  Zergling x32  
  195  19:35  Zergling x2  
  195  19:37  Zergling x12  
  195  19:38  Zergling x12  
  196  19:41  Ultralisk x2, Zergling x4  
  196  19:42  Zergling x2  
  184  19:49  Infestor, Zergling x12  
  184  19:50  Zergling x10  
  195  19:54  Baneling  
  195  19:55  Baneling x16  
  189  20:02  Ultralisk, Zergling x4  
  191  20:13  Ultralisk, Zergling x10  
  200  20:24  Baneling x12  
  197  20:38  Infestor x2  
  197  20:40  Zergling x20  
  192  21:06  Zergling x2  
  192  21:07  Zergling x32  
  192  21:08  Zergling x36  
  176  21:12  Zergling x2  
  172  21:19  Zergling x6  
  172  21:24  Zergling x6  
Show
View Real Time Build Order
Export as new Build Order

Clem Terran 

Build Orders: Reaper Expand, Hellion Banshee 

Get SALT Encoding   

  12  0:00  SCV  
  13  0:12  SCV  
  14  0:17  Supply Depot  
  14  0:24  SCV  
  15  0:38  SCV  
  15  0:40  Barracks  
  16  0:42  Refinery  
  16  0:50  SCV  
  17  1:02  SCV  
  18  1:15  SCV  
  19  1:27  Orbital Command, Reaper  
  20  1:38  Command Center  
  20  1:46  Supply Depot  
  20  1:52  SCV  
  21  1:59  Marine  
  22  2:04  SCV  
  23  2:10  Factory  
  23  2:16  SCV  
  23  2:20  Barracks Reactor  
  24  2:29  SCV  
  25  2:38  Command Center  
  25  2:41  SCV  
  26  2:51  Orbital Command  
  26  2:53  SCV  
  26  2:58  Starport  
  27  3:04  Refinery  
  27  3:05  SCV  
  28  3:09  Hellion  
  32  3:13  Hellion  
  32  3:16  Barracks Tech Lab  
  32  3:19  SCV  
  34  3:20  SCV  
  34  3:31  Hellion, SCV  
  34  3:33  SCV  
  40  3:34  Hellion  
  40  3:42  Banshee  
  40  3:46  SCV x2  
  45  3:50  Orbital Command  
  45  3:54  Hellion  
  49  3:55  Hellion  
  49  3:58  Marine  
  49  4:00  SCV x2, Supply Depot  
  52  4:05  Cloaking Field  
  52  4:12  SCV x2  
  52  4:15  Hellion  
  58  4:17  Hellion  
  58  4:18  SCV  
  59  4:24  SCV x2, Supply Depot  
  59  4:26  Banshee  
  59  4:30  SCV  
  65  4:36  SCV x2  
  66  4:40  Barracks Tech Lab  
  66  4:41  Orbital Command  
  66  4:42  Barracks x2  
  66  4:45  Factory Reactor  
  66  4:47  Refinery  
  66  4:48  Refinery  
  66  4:49  SCV, Supply Depot  
  66  4:50  SCV  
  68  4:58  Engineering Bay  
  68  4:59  Engineering Bay  
  68  5:01  SCV  
  68  5:02  SCV, Stimpack  
  71  5:09  SCV  
  71  5:11  Supply Depot  
  71  5:14  SCV  
  73  5:15  SCV  
  73  5:20  Barracks  
  73  5:21  SCV  
  73  5:22  Barracks  
  73  5:26  SCV  
  73  5:27  Marine, SCV  
  77  5:29  Terran Infantry Weapons Level 1  
  77  5:32  Terran Infantry Armor Level 1, Starport Reactor  
  77  5:33  SCV  
  77  5:35  Marine  
  79  5:38  SCV  
  79  5:39  Marine  
  79  5:40  SCV  
  82  5:43  Siege Tank  
  82  5:45  SCV  
  82  5:47  Marine  
  85  5:50  SCV  
  85  5:52  SCV  
  85  5:53  Supply Depot  
  85  5:55  Marine x2  
  89  5:57  Marine  
  89  5:58  SCV  
  89  6:01  Supply Depot  
  89  6:02  SCV  
  92  6:06  SCV, Armory  
  93  6:11  Barracks Reactor  
  93  6:12  Barracks Reactor  
  93  6:13  Supply Depot  
  93  6:14  Marine  
  93  6:15  SCV  
  93  6:16  Marine, Supply Depot  
  96  6:19  Siege Tank  
  96  6:20  Marine x2  
  96  6:22  SCV  
  96  6:25  Marine, SCV  
  104  6:28  Medivac  
  104  6:30  Medivac  
  104  6:32  Supply Depot  
  108  6:33  SCV  
  108  6:34  Marine  
  108  6:38  Marine x2, Refinery  
  108  6:39  SCV, Supply Depot  
  113  6:40  SCV  
  113  6:44  Factory  
  114  6:49  Marine, Bunker, Supply Depot  
  114  6:51  Marine x3  
  114  6:54  Siege Tank  
  121  6:58  Marine  
  121  6:59  Supply Depot  
  122  7:01  Combat Shield  
  122  7:02  Marine x2, Refinery  
  122  7:05  Marine  
  122  7:06  Marine  
  126  7:15  Medivac  
  126  7:16  Marine x5  
  126  7:20  Marine  
  126  7:22  Marine  
  135  7:26  Armory  
  135  7:29  Command Center, Supply Depot  
  135  7:30  Siege Tank  
  135  7:35  Marine  
  136  7:39  Marine  
  136  7:41  Marine, SCV  
  136  7:42  SCV  
  136  7:44  Marine  
  131  7:46  Marine x2  
  131  7:47  Marine  
  131  7:48  SCV  
  131  7:49  Factory Tech Lab  
  131  7:50  Marine x2  
  134  7:53  Medivac  
  134  7:54  Medivac  
  138  8:00  Command Center  
  138  8:02  Marine  
  138  8:04  Marine x3  
  138  8:05  Marine  
  137  8:08  Siege Tank  
  137  8:11  Marine x2  
  142  8:14  Marine x2  
  142  8:15  Siege Tank  
  142  8:18  Terran Infantry Weapons Level 2  
  147  8:22  Terran Infantry Armor Level 2  
  147  8:24  Marine  
  147  8:26  Marine  
  149  8:29  Terran Vehicle Weapons Level 1  
  149  8:31  Supply Depot  
  149  8:32  Supply Depot  
  149  8:35  Barracks  
  149  8:37  Barracks  
  149  8:40  Barracks  
  148  8:47  Siege Tank  
  148  8:48  Marine  
  149  8:49  Marine  
  149  8:50  Siege Tank  
  149  8:53  Marine x2  
  149  8:54  Supply Depot  
  151  8:56  Marine x2  
  151  9:00  SCV x3  
  156  9:07  Marine x2  
  156  9:08  Sensor Tower  
  158  9:11  Marine  
  158  9:12  Marine  
  158  9:13  Marine, SCV  
  161  9:19  Siege Tank  
  161  9:22  Siege Tank  
  161  9:24  Marauder, Orbital Command  
  163  9:28  Barracks Tech Lab x3  
  163  9:29  Marine  
  163  9:30  SCV  
  165  9:31  Marine  
  165  9:32  Marine  
  164  9:38  Planetary Fortress  
  164  9:39  Marine  
  164  9:42  Medivac, SCV  
  164  9:44  SCV  
  164  9:45  Marauder, Refinery  
  171  9:46  Marine, Refinery  
  171  9:47  Marine, SCV  
  171  9:51  Siege Tank  
  177  9:53  Marine  
  177  9:56  Marauder x2, Marine  
  177  9:57  Ghost Academy  
  177  9:58  SCV  
  184  10:01  Marine  
  184  10:02  Marine  
  184  10:04  Marine x3  
  189  10:10  Siege Tank  
  189  10:14  Marine x2  
  192  10:17  Command Center  
  193  10:24  Siege Tank  
  200  10:38  Command Center, Ghost x2  
  199  10:45  Ghost  
  199  10:47  Ghost  
  193  10:50  Siege Tank  
  193  10:55  Marine x4  
  193  10:56  Siege Tank, Marine  
  198  10:59  Marine  
  199  11:07  Ghost  
  199  11:11  Command Center, Missile Turret  
  199  11:12  Terran Infantry Armor Level 3, Terran Infantry Weapons Level 3  
  199  11:15  Terran Vehicle Weapons Level 2  
  199  11:19  Marine  
  200  11:34  Missile Turret  
  200  11:35  Factory  
  200  11:37  Siege Tank  
  200  11:38  Siege Tank, Ghost  
  189  11:42  Marine  
  189  11:46  Marine, Ghost  
  174  11:47  Marine  
  174  11:48  Marine x2  
  174  11:52  Ghost  
  174  11:53  Marine x3  
  174  11:58  Marine  
  174  11:59  Marine  
  174  12:00  SCV  
  175  12:02  SCV  
  175  12:03  SCV  
  175  12:04  Command Center, Marine  
  175  12:05  Missile Turret  
  178  12:09  Siege Tank  
  178  12:11  Planetary Fortress  
  178  12:13  Marine  
  178  12:14  SCV  
  183  12:16  Siege Tank  
  183  12:17  Refinery  
  183  12:19  Refinery  
  183  12:20  Sensor Tower, Missile Turret  
  186  12:27  Ghost  
  186  12:28  Ghost  
  186  12:29  Marine  
  178  12:37  Marine  
  178  12:41  Siege Tank, Factory Tech Lab  
  178  12:42  Marine x2, Ghost  
  180  12:51  Siege Tank  
  182  12:52  Planetary Fortress  
  182  12:56  Marine x3  
  182  12:58  Command Center  
  185  13:03  Marauder x3, Marine x4  
  195  13:10  Factory  
  195  13:11  Armory  
  195  13:12  SCV  
  195  13:17  SCV  
  195  13:19  SCV  
  194  13:23  Ghost  
  194  13:24  Ghost  
  194  13:27  Siege Tank, Ghost  
  193  13:32  SCV  
  183  13:36  Orbital Command  
  183  13:37  Command Center  
  183  13:38  Siege Tank, Sensor Tower, Marine x2  
  183  13:39  Marauder  
  190  13:41  SCV  
  190  13:42  Siege Tank  
  190  13:43  Marine, SCV  
  190  13:49  Medivac  
  190  13:51  Marine, Ghost  
  190  13:55  Marine  
  172  13:56  Missile Turret  
  172  13:57  Marine x2, Factory Reactor  
  172  13:59  Medivac  
  176  14:04  Marine  
  176  14:07  SCV  
  176  14:08  SCV  
  179  14:10  Planetary Fortress  
  179  14:11  Orbital Command  
  179  14:13  SCV  
  179  14:15  Marine x2  
  182  14:20  Marauder x2  
  182  14:23  Infernal Pre-Igniter  
  185  14:27  Terran Vehicle Weapons Level 3  
  185  14:31  Siege Tank  
  188  14:43  Missile Turret  
  188  14:47  Siege Tank  
  188  14:48  Command Center  
  188  14:52  Marauder, Marine  
  196  14:53  Marauder  
  199  15:00  Siege Tank  
  199  15:08  Marine  
  192  15:21  Ghost  
  192  15:23  Ghost, Missile Turret  
  192  15:25  Siege Tank, Sensor Tower  
  192  15:27  Ghost x2  
  199  15:28  Refinery, Terran Vehicle And Ship Armor Level 1  
  199  15:29  Personal Cloaking  
  199  15:35  Planetary Fortress  
  199  15:44  Command Center  
  199  15:45  Command Center  
  199  15:56  Hi-Sec Auto Tracking, Neosteel Armor  
  199  15:57  Factory  
  199  16:06  Marine  
  200  16:19  Command Center, Ghost Academy  
  200  16:20  Orbital Command  
  200  16:21  Missile Turret  
  200  16:22  Ghost Academy  
  200  16:23  Terran Ship Weapons Level 1  
  200  16:28  Marauder, Siege Tank, Ghost x3  
  200  16:29  Marine x2  
  176  16:35  Marine  
  176  16:39  Liberator  
  158  16:42  Liberator  
  158  16:43  Marine  
  158  16:44  Marine x3  
  158  16:45  Marine  
  166  16:48  Ghost  
  166  16:49  Hellbat  
  172  16:54  Hellbat x2, Nuke  
  172  16:56  Hellbat, Ghost x2  
  172  16:58  Ghost  
  181  17:17  Widow Mine  
  181  17:18  Marauder  
  181  17:19  Thor  
  181  17:22  Medivac, Hellbat x2  
  197  17:25  Medivac  
  197  17:26  Starport, Terran Vehicle And Ship Armor Level 2  
  199  17:41  Siege Tank, Missile Turret  
  199  17:42  Missile Turret  
  199  17:43  Ghost  
  191  17:45  Siege Tank, Marine x3  
  191  17:48  Ghost  
  176  17:51  Liberator  
  176  17:52  Ghost  
  176  17:56  SCV  
  180  18:01  Marine x3, Sensor Tower, Missile Turret  
  180  18:04  Ghost  
  179  18:13  Ghost  
  179  18:16  Medivac, Ghost  
  179  18:17  Marine  
  179  18:18  Marine  
  179  18:19  Hellbat  
  165  18:24  Marine  
  156  18:27  Siege Tank  
  156  18:28  Marine x2  
  156  18:33  Marine  
  156  18:34  Marine x2  
  163  18:43  Orbital Command  
  163  18:44  SCV  
  165  18:48  SCV  
  165  18:50  Siege Tank x2  
  165  18:53  SCV  
  165  18:55  Orbital Command  
  170  18:58  Ghost  
  170  19:01  Ghost  
  170  19:02  SCV  
  175  19:05  Ghost  
  175  19:13  Liberator  
  175  19:16  Siege Tank  
  181  19:22  Siege Tank  
  184  19:25  SCV  
  184  19:27  SCV  
  184  19:38  Siege Tank, Ghost  
  159  19:39  Marine x3  
  159  19:41  Marine  
  159  19:42  Marine  
  143  19:47  Hellbat  
  143  19:48  Siege Tank  
  143  19:51  Hellbat  
  147  19:54  Marine  
  147  19:55  SCV  
  147  19:56  SCV  
  148  20:02  Hellbat  
  148  20:03  Hellbat  
  148  20:04  Marine  
  151  20:09  Hellbat  
  151  20:19  Hellbat x2  
  151  20:20  Marauder x2  
  151  20:21  SCV x3  
  161  20:24  SCV  
  162  20:38  Orbital Command  
  162  20:40  Siege Tank  
  165  20:44  Missile Turret  
  165  20:45  Sensor Tower  
  165  20:56  SCV x2  
  167  20:58  SCV  
  167  20:59  Refinery, SCV x2  
  167  21:03  Ghost  
  170  21:04  Marine  
  170  21:07  Marine  
  146  21:12  Ghost  
  146  21:15  Ghost  
  146  21:17  Ghost  
  126  21:23  Marine  
Tags
 
Add a new tag
Caveats
  • Supply blocks, unpowered buildings, or Contaminate may cause inaccurate times.
  • Supply counts are checked every 10 seconds.